 Dungeon Crawl Stone Soup version 0.30-a0-948-g4fa250aae5 (webtiles) character file.

Game seed: 2362170395489989059

2208 cforsyth the Blocker (level 9, -6/72 HPs)
             Began as a Formicid Fighter on Mar 26, 2023.
             Was a Follower of Okawaru.
             Engulfed by a steam dragon's steam (11 damage)
             ... on level 7 of the Dungeon.
             The game lasted 00:11:24 (6161 turns).

cforsyth the Blocker (Formicid Fighter)             Turns: 6161, Time: 00:11:25

Health: -6/72      AC: 10    Str: 25    XL:     9   Next: 60%
Magic:  9/9        EV: 13    Int:  8    God:    Okawaru [*.....]
Gold:   282        SH:  0    Dex: 13    Spells: 8/8 levels left

rFire   . . .      SeeInvis +    e - +6 battleaxe (elec)
rCold   + . .      Faith    .    c - +0 buckler
rNeg    . . .      Spirit   .    u - +0 chain mail
rPois   .          Reflect  .    (helmet unavailable)
rElec   .          Rampage  .    (no cloak)
rCorr   .                        (no gloves)
Will    .....                    (no boots) Stlth
                                 (no amulet)
HPRegen 0.32/turn                r - +5 ring of evasion
MPRegen 0.11/turn                (no ring)

@: confused, attractive, flying
A: permanent stasis, dig shafts and tunnels, antennae 3, four strong arms, cold
resistance 1, high MP 1
a: Dig, Shaft Self, Renounce Religion, Heroism


You were on level 7 of the Dungeon.
You worshipped Okawaru.
Okawaru was aware of your devotion.
You visited 2 branches of the dungeon, and saw 8 of its levels.

You collected 282 gold pieces.

Inventory:

Hand Weapons
 e - a +6 battleaxe of electrocution (weapon)
Armour
 c - a +0 buckler (worn)
 u - a +0 chain mail (worn)
Jewellery
 r - a +5 ring of evasion (left hand)
Wands
 s - a wand of roots (3)
Scrolls
 f - a scroll of noise {unknown}
 g - 2 scrolls of fog {unknown}
 l - 6 scrolls of identify {unknown}
 m - a scroll of blinking {unknown}
 n - a scroll of magic mapping {unknown}
 o - a scroll of enchant armour {unknown}
 t - a scroll of fear {unknown}
Potions
 a - a potion of brilliance {unknown}
 b - a potion of curing
 d - a potion of might
 i - a potion of attraction
 j - a potion of mutation
 k - a potion of magic {unknown}
 p - a potion of haste
 q - a potion of flight


   Skills:
 + Level 7.4 Fighting
 + Level 6.3 Axes
 + Level 7.4 Armour
 + Level 9.0 Shields


You had 8 spell levels left.
You didn't know any spells.
Your spell library contained the following spells:

 Spells                   Type           Power      Damage    Failure   Level
 Lesser Beckoning         Tloc           0%         N/A       99%         2
 Momentum Strike          Conj/Tloc      0%         3d8       99%         2
 Ignite Poison            Fire/Tmut/Pois 0%         N/A       100%        3
 Kindle Blastsparks       Fire/Tloc/Air  0%         2d10      100%        3
 Portal Projectile        Hex/Tloc       0%         N/A       100%        3
 Blade Hands              Tmut           0%         N/A       100%        5
 Freezing Cloud           Conj/Ice/Air   0%         6-21      100%        5
 Blink                    Tloc           Unusable   N/A       N/A         2
 Tukima's Dance           Hex            Unusable   N/A       N/A         3

Dungeon Overview and Level Annotations

Branches:
Dungeon (7/15)             Temple (1/1) D:5

Altars:
Ashenzari
Cheibriados
Dithmenos
Elyvilon
Fedhas
Gozag
Hepliaklqana
Kikubaaqudgha
Makhleb
Nemelex Xobeh
Okawaru
Qazlal
Sif Muna
Trog
Uskayaw
Vehumet
Wu Jian
Xom
Yredelemnul
Zin
The Shining One

Shops:
D:5 !

Annotations:
D:5 2 runed translucent doors, cheesebisquit's ghost, novice TrFi


Innate Abilities, Weirdness & Mutations

You cannot be hasted, slowed, berserked, paralysed or teleported.
You can dig through walls and to a lower floor.
You have a pair of large antennae on your head. (SInv)
Your four strong arms can wield two-handed weapons with a shield.
Your flesh is cold resistant. (rC+)
You have an increased reservoir of magic. (+10% MP)


Message History

You feel less invigorated.
You feel less confused.
A scorpion comes into view.
The gnoll bouda hits you but does no damage.
You slice the gnoll bouda!!
You kill the gnoll bouda!
Okawaru accepts your kill.
The orc wizard points at you and mumbles some strange words.
The magic dart hits you. The steam dragon breathes steam at you.
The ball of steam hits you!
* * * LOW HITPOINT WARNING * * *
Your Shields skill increases to level 9!
You closely miss the steam dragon.
You are engulfed in a cloud of scalding steam.
You choke on the stench!
You are confused.
* * * LOW HITPOINT WARNING * * *
The steam dragon closely misses you. The steam dragon misses you.
You bump into the rock wall.
You are engulfed in a cloud of scalding steam.
You choke on the stench!
You are more confused.
The steam dragon barely misses you. The steam dragon closely misses you.
You bump into the rock wall.
You are engulfed in a cloud of scalding steam.
You choke on the stench!
You are more confused.
The steam dragon bites you.
* * * LOW HITPOINT WARNING * * *
The steam dragon barely misses you.
You slice the steam dragon!!
The steam dragon is severely wounded.
The steam dragon breathes steam at you. The ball of steam misses you.
The steam dragon barely misses you.
The steam dragon claws you but does no damage.
You barely miss the steam dragon.
The steam dragon is severely wounded.
You are engulfed in a cloud of scalding steam.
You die...

####...........#
...............####
#####.####.....####.....#
>...... ..##..†## #..#....
.......# ..##.## {#..# ...
......## .{#.# .##..# ..
......## {#s#'.##...#
#.#..§###Fo.###...###
##+##...§§§@Do8..)......#
#......§..###f..###...#...#
#........##.{#.#'.##..+...#
#.......##...#.#...##.# ..#
#.......#...##.##...#.# .#
##+####.#).##...##..#.# .#
#.....#.####.....####.#
.....................
#..........##.....##.


You could see a steam dragon, a sleepcap, a bullfrog, a scorpion and 2 orc
wizards.

Vanquished Creatures
  A hornet (D:7)
  A steam dragon (D:7)
  2 sky beasts
  An orc warrior (D:7)
  A black bear (D:5)
  An ice beast (D:5)
  3 ogres
  2 centaurs (D:6)
  2 bullfrogs
  A gnoll sergeant (Temple)
  2 scorpions (D:5)
  5 wights (D:5)
  A hound (D:6)
  An orc priest (D:6)
  3 jellies
  A gnoll bouda (D:7)
  2 iguanas
  10 gnolls
  3 adders
  A shadow imp (D:7)
  2 white imps (D:5)
  An ufetubus (D:6)
  2 worms
  6 orcs
  9 bats
  9 endoplasms
  2 giant cockroaches (D:1)
  3 goblins
  4 hobgoblins
  4 jackals (D:5)
  7 kobolds
  A quokka (D:3)
  2 ball pythons
  5 frilled lizards (D:1)
  9 rats
110 creatures vanquished.

Vanquished Creatures (others)
  7 fungi (D:5)
  7 plants (D:4)
14 creatures vanquished.

Grand Total: 124 creatures vanquished

Notes
Turn   | Place    | Note
-------+----------+-------------------------------------------
     0 | D:1      | cforsyth the Formicid Fighter began the quest for the Orb.
     0 | D:1      | Reached XP level 1. HP: 18/18 MP: 1/1
   178 | D:1      | Found a faded altar of an unknown god.
   184 | D:1      | Reached XP level 2. HP: 24/24 MP: 2/2
   219 | D:1      | Reached XP level 3. HP: 22/29 MP: 3/3
  1726 | D:3      | Reached XP level 4. HP: 37/37 MP: 4/4
  2390 | D:3      | Reached skill level 5 in Shields
  2390 | D:3      | Reached XP level 5. HP: 41/42 MP: 5/5
  2554 | D:4      | Noticed an ogre
  2560 | D:4      | Killed an ogre
  2561 | D:4      | Reached XP level 6. HP: 42/49 MP: 6/6
  2561 | D:4      | Found a burning altar of Makhleb.
  2561 | D:4      | Found a shimmering blue altar of Sif Muna.
  2562 | D:4      | Found a white marble altar of Elyvilon.
  2564 | D:4      | Identified a scroll of acquirement
  2564 | D:4      | Acquired a +6 battleaxe of electrocution
  2991 | D:4      | Found a hazy altar of Hepliaklqana.
  3055 | D:4      | Found a broken altar of Ashenzari.
  3113 | D:4      | Identified the +6 flail "Ant's Bane" {freeze, rF+ Int+3}
  3305 | D:5      | Entered Level 5 of the Dungeon
  3328 | D:5      | Found a runed translucent door.
  3356 | D:5      | Noticed cheesebisquit's ghost (novice TrFi)
  3387 | D:5      | Noticed a black bear
  3391 | D:5      | Killed a black bear
  3392 | D:5      | Reached XP level 7. HP: 49/55 MP: 7/7
  3427 | D:5      | Reached skill level 5 in Fighting
  3427 | D:5      | Reached skill level 5 in Armour
  3427 | D:5      | Reached skill level 6 in Shields
  3546 | D:5      | Found a staircase to the Ecumenical Temple.
  3561 | Temple   | Entered the Ecumenical Temple
  4331 | D:5      | Reached XP level 8. HP: 63/63 MP: 8/8
  4443 | D:5      | Reached skill level 7 in Shields
  4619 | D:5      | Found Ciurar's Distillery.
  4737 | D:5      | Found a runed translucent door.
  4764 | D:5      | Reached skill level 5 in Axes
  5230 | D:6      | Found an iron altar of Okawaru.
  5404 | D:6      | Reached skill level 8 in Shields
  5404 | D:6      | Reached XP level 9. HP: 50/71 MP: 9/9
  5421 | D:6      | Became a worshipper of Warmaster Okawaru
  5856 | D:6      | Found a hide-covered altar of Uskayaw.
  6100 | D:7      | Noticed a hornet
  6108 | D:7      | Killed a hornet
  6140 | D:7      | Reached * piety under Okawaru
  6149 | D:7      | HP: 2/72 [gnoll bouda/+0 whip (6)]
  6150 | D:7      | Gained mutation: You have an increased reservoir of magic.
                  | (+10% MP) [potion of mutation]
  6150 | D:7      | Gained mutation: Your flesh is cold resistant. (rC+)
                  | [potion of mutation]
  6157 | D:7      | Reached skill level 9 in Shields
  6161 | D:7      | Engulfed by a steam dragon's steam

Illustrated notes

Levels and vault maps discovered:
D:1:      mushboom_english_gardens, layout_loops_corners,
          hellmonk_ecumenical_altar_pennies_from_heaven, minivault_14
D:2:      layout_loops_ring
D:3:      layout_basic
D:4:      wad_woods_pond, layout_loops_ring,
          chequers_temple_overflow_statue_of_worship,
          grunt_temple_overflow_open, chequers_ossuary_entry_cave
D:5:      layout_loops_ring, temple_fountains, serial_aquarium,
          aquarium_bridge_straight [aquarium_subvault_bridge,
          aquarium_subvault_wall, aquarium_subvault_bridge,
          aquarium_subvault_balcony], aquarium_bridge_square
          [aquarium_subvault_bridge, aquarium_subvault_bridge,
          aquarium_subvault_window, aquarium_subvault_wall],
          aquarium_window_fake, aquarium_window_corridor_2, aquarium_window_1,
          aquarium_window_2, aquarium_view_2b, serial_shops,
          nicolae_square_shop, ebering_ghost_sewer_f
D:6:      layout_gridville, kennysheep_mini, nicolae_overflow_crystal_walls,
          grunt_ministairs_14
D:7:      cheibrodos_barr_body, layout_gridville
Temple:   eino_narrow_crystal_temple

Skill      XL: |  1  2  3  4  5  6  7  8  9 |
---------------+----------------------------+-----
Fighting       | 4 5 6 7 |  7.4
Armour         | 4 5 6 7 |  7.4
Shields        | 5 6 8 9 |  9.0
Axes           | 3 4 5 6 |  6.3

Action                     |  1- 3 |  4- 6 |  7- 9 || total
---------------------------+-------+-------+-------++-------
  Melee: War axe           |   105 |    47 |       ||   152
         Battleaxe         |       |    32 |   124 ||   156
    Use: Scroll            |       |     2 |       ||     2
         Potion            |       |       |     6 ||     6
 Armour: Scale mail        |    38 |    29 |    37 ||   104
         Chain mail        |       |       |    13 ||    13
  Dodge: Dodged            |    53 |    40 |    87 ||   180
  Block: Buckler           |    35 |    19 |    46 ||   100

Table legend: (Time is in decaauts)
 A = Elapsed time spent in this place.
 B = Non-inter-level travel time spent in this place.
 C = Inter-level travel time spent in this place.
 D = Time resting spent in this place.
 E = Time spent auto-exploring this place.
 F = Levels seen in this place.
 G = Mean time per level.
                   A        B        C        D        E       F      G
               +--------+--------+--------+--------+--------+-----+--------+
         Total |   6314 |   5866 |    448 |    547 |   4175 |   8 |  789.2 |
       Dungeon |   5807 |   5372 |    435 |    246 |   4043 |   7 |  829.6 |
        Temple |    507 |    494 |     13 |    301 |    132 |   1 |  507.0 |
               +--------+--------+--------+--------+--------+-----+--------+

Top non-repeatable levels by time:
     D:5: 1166 daAuts
     D:1: 1096 daAuts
     D:2: 992 daAuts
     D:4: 855 daAuts
     D:6: 821 daAuts
     D:3: 700 daAuts
  Temple: 507 daAuts
     D:7: 174 daAuts
